Map: [ESL] NeoHumanity

Players

AqueroN

  • Race: Terran Terran
  • Spawn Location: 5:00

Wayne - Winner!

  • Race: Zerg Zerg
  • Spawn Location: 11:00

Event: ESL SC2 Masters 2023 Summer (Regionals)

VOD

Have the link to the VOD?

Description

Time

  • Played on: May 14, 2023, 11:12 a.m.
  • Length: 11:35

All games in this series

Show
View Real Time Build Order
Export as new Build Order

AqueroN Terran 

Build Orders: Reaper Expand, Hellion Banshee 

Get SALT Encoding   

  12  0:00  SCV  
  13  0:12  SCV  
  14  0:17  Supply Depot  
  14  0:24  SCV  
  15  0:39  SCV  
  15  0:40  Barracks  
  15  0:42  Refinery  
  16  0:51  SCV  
  17  1:03  SCV  
  18  1:15  SCV  
  19  1:27  Orbital Command, Reaper  
  20  1:39  Command Center  
  20  1:47  Supply Depot  
  20  1:52  SCV  
  21  1:59  Marine  
  22  2:04  SCV  
  23  2:09  Factory  
  23  2:17  SCV  
  23  2:19  Barracks Reactor  
  24  2:29  SCV  
  25  2:41  SCV, Command Center  
  26  2:54  SCV  
  26  3:07  Hellion x2  
  26  3:08  SCV  
  26  3:12  Starport  
  30  3:14  Orbital Command  
  30  3:21  SCV  
  30  3:22  Refinery  
  30  3:26  Barracks Tech Lab  
  31  3:29  Hellion  
  33  3:34  Hellion  
  33  3:36  SCV  
  33  3:41  SCV  
  37  3:50  SCV  
  37  3:52  Hellion  
  37  3:53  SCV  
  37  3:55  Banshee  
  44  4:01  Orbital Command  
  44  4:04  SCV  
  44  4:05  SCV  
  44  4:08  Hellion  
  48  4:12  Barracks Tech Lab  
  48  4:13  Hellion  
  50  4:20  Supply Depot  
  50  4:26  SCV x2  
  52  4:33  Marauder  
  52  4:37  Banshee  
  60  4:47  SCV x2  
  60  4:48  SCV  
  59  4:55  Barracks  
  59  4:56  Barracks  
  59  4:59  SCV x2  
  61  5:00  SCV  
  61  5:01  Factory Reactor  
  61  5:04  Marine  
  61  5:05  Stimpack  
  63  5:12  Supply Depot  
  63  5:13  Supply Depot  
  63  5:16  SCV  
  63  5:17  SCV x2  
  63  5:20  Engineering Bay  
  66  5:24  Engineering Bay  
  66  5:26  Marine  
  67  5:29  SCV x2  
  67  5:33  Starport Reactor, Refinery  
  70  5:41  SCV x2  
  70  5:42  Marine  
  73  5:43  Orbital Command  
  73  5:48  Marine  
  73  5:52  Terran Infantry Weapons Level 1, Terran Infantry Armor Level 1  
  73  5:53  Barracks, Marine  
  73  5:55  Barracks  
  73  5:56  Siege Tank  
  77  6:00  SCV x2  
  79  6:06  Marine x4  
  83  6:12  SCV, Supply Depot  
  83  6:13  Supply Depot  
  83  6:18  Supply Depot  
  84  6:25  Marine  
  85  6:33  Marine  
  85  6:34  SCV x3, Medivac x2, Marauder, Marine x2  
  85  6:35  Siege Tank  
  100  6:42  Refinery  
  100  6:46  SCV x3  
  103  6:47  Barracks Reactor x2  
  103  6:48  Marine  
  103  6:51  Marine, Supply Depot  
  103  6:52  Marine x2  
  103  6:53  Supply Depot  
  107  6:58  SCV x3, Marauder  
  112  7:04  Bunker  
  112  7:06  Medivac  
  114  7:11  Marine x4  
  114  7:13  SCV x3  
  117  7:18  Combat Shield  
  117  7:22  Barracks  
  117  7:25  Barracks  
  117  7:27  Marine  
  95  7:36  Siege Tank  
  91  7:39  Marine x2  
  91  7:42  Medivac  
  91  7:43  SCV x2  
  80  7:49  Marine x4  
  71  7:52  Marine  
  71  7:55  Marine, Marauder  
  71  7:56  Marine  
  76  8:02  Orbital Command, Medivac  
  76  8:03  Marine  
  76  8:06  SCV x2, Marine  
  76  8:07  Marine  
  76  8:08  Marine  
  74  8:16  Marauder  
  74  8:18  SCV, Marine x4  
  78  8:21  Marine  
  78  8:24  Marine x2  
  81  8:28  Marine  
  81  8:29  Marine x2  
  84  8:37  Marine x4  
  88  8:42  SCV x3  
  88  8:46  Marine x3  
  94  8:52  Marine x3  
  94  8:54  Marauder  
  99  8:57  SCV x3  
  102  9:04  Medivac  
  102  9:06  Armory  
  102  9:07  Medivac  
  102  9:09  Marine  
  107  9:13  Marine x2, Supply Depot  
  107  9:14  Supply Depot  
  109  9:17  Marine  
  109  9:18  Marine x3  
  113  9:26  Marauder  
  113  9:27  Barracks Tech Lab x2  
  115  9:34  Siege Tank  
  118  9:39  Marine  
  118  9:40  Marine x5  
  118  9:44  Supply Depot x2  
  118  9:45  Supply Depot  
  124  9:46  Marine x2, Marauder x2  
  132  9:56  Supply Depot  
  130  10:01  SCV x3  
  130  10:06  Marine x4  
  130  10:07  Marine x3  
  137  10:08  Marine  
  137  10:10  Supply Depot  
  141  10:15  Siege Tank  
  141  10:18  Orbital Command  
  144  10:23  Marauder x3  
  148  10:30  Marine x4  
  120  10:37  Marine x3  
  120  10:40  SCV x2  
  106  10:44  Marauder  
  106  10:45  Marauder  
  106  10:47  Siege Tank  
  113  10:55  Marine x2  
  113  10:56  Marine x3  
  118  11:04  SCV x2  
  118  11:05  SCV  
  118  11:06  Marine  
  118  11:07  Marine x2  
  124  11:14  Marine  
Show
View Real Time Build Order
Export as new Build Order

Wayne Zerg - Winner!

Build Orders: Hatch First 

Get SALT Encoding   

  12  0:00  Drone  
  13  0:12  Overlord  
  13  0:16  Drone  
  14  0:30  Drone x2  
  16  0:47  Hatchery  
  15  0:51  Drone  
  15  0:54  Drone  
  17  0:58  Drone  
  18  1:08  Extractor  
  17  1:13  Spawning Pool  
  17  1:16  Drone  
  17  1:19  Drone  
  18  1:28  Drone  
  19  1:39  Drone  
  20  1:49  Drone  
  21  1:59  Queen x2  
  21  2:00  Zergling x2  
  21  2:01  Zergling x2  
  27  2:11  Overlord  
  27  2:12  Drone  
  28  2:25  Drone  
  28  2:29  Drone  
  29  2:32  Drone x2  
  29  2:35  Spore Crawler  
  30  2:39  Queen  
  33  2:48  Drone x2  
  35  2:56  Overlord  
  35  2:57  Drone  
  35  3:02  Hatchery  
  35  3:03  Roach Warren  
  33  3:08  Drone x2  
  33  3:10  Drone  
  35  3:15  Drone x3  
  35  3:18  Drone  
  39  3:22  Queen  
  39  3:25  Overlord  
  41  3:29  Overlord  
  41  3:45  Roach x5  
  51  3:49  Roach x2  
  51  3:51  Roach  
  51  3:54  Roach  
  59  3:57  Overlord  
  59  4:12  Overlord  
  59  4:14  Queen  
  59  4:15  Drone x5  
  66  4:20  Extractor  
  66  4:21  Drone x3  
  68  4:26  Drone x2  
  70  4:31  Drone x3  
  70  4:36  Lair  
  73  4:38  Evolution Chamber  
  73  4:39  Extractor  
  73  4:41  Overlord  
  73  4:42  Drone  
  73  4:45  Drone x2  
  71  4:49  Drone x2  
  71  4:50  Drone  
  75  4:54  Drone x2  
  75  4:57  Drone x2  
  79  5:02  Drone, Spore Crawler  
  79  5:05  Spore Crawler  
  77  5:07  Drone, Spore Crawler  
  77  5:12  Zerg Ground Armor Level 1  
  76  5:17  Drone x4  
  76  5:20  Extractor, Metabolic Boost  
  79  5:24  Drone  
  80  5:32  Hatchery  
  80  5:35  Glial Reconstitution  
  79  5:37  Overseer  
  79  5:42  Overlord x2  
  79  5:44  Drone x2  
  79  5:45  Drone x2  
  79  5:46  Drone  
  79  5:47  Drone x2  
  86  5:54  Roach  
  86  5:55  Overlord  
  86  5:56  Overlord x2  
  88  6:01  Roach  
  88  6:02  Roach x2  
  94  6:08  Overseer  
  94  6:10  Overlord  
  94  6:12  Roach x4  
  102  6:23  Roach x6  
  114  6:27  Ravager x2  
  114  6:32  Zergling x14  
  123  6:36  Unknown  
  123  6:39  Ravager  
  123  6:40  Zergling x6  
  123  6:43  Ravager  
  123  6:44  Queen  
  129  6:49  Overlord  
  129  6:50  Overlord  
  129  6:52  Roach x4  
  137  6:57  Ravager  
  137  6:59  Zergling x10  
  143  7:04  Overlord x2  
  143  7:11  Roach  
  143  7:12  Roach x5  
  143  7:13  Ravager  
  154  7:17  Overlord  
  147  7:26  Roach x7  
  147  7:28  Roach  
  140  7:34  Ravager  
  140  7:35  Zergling x10  
  124  7:44  Zergling x4  
  124  7:45  Zergling x10  
  124  7:49  Zergling x2  
  124  7:50  Zergling x8  
  127  7:53  Drone  
  127  7:55  Baneling Nest  
  125  7:59  Zerg Ground Armor Level 2  
  125  8:00  Drone  
  125  8:02  Evolution Chamber  
  125  8:04  Infestation Pit  
  119  8:06  Drone x4  
  121  8:19  Drone  
  124  8:20  Drone x8  
  127  8:31  Zerg Melee Weapons Level 1  
  127  8:33  Ravager  
  127  8:34  Ravager  
  129  8:36  Drone x2, Hatchery  
  129  8:39  Drone x3  
  133  8:41  Spore Crawler  
  133  8:42  Infestor  
  133  8:44  Infestor  
  133  8:47  Hive  
  136  8:48  Centrifugal Hooks  
  136  8:51  Drone  
  137  8:56  Zergling x14  
  144  9:03  Overlord  
  144  9:06  Zergling x18  
  152  9:12  Queen  
  152  9:15  Drone  
  152  9:16  Drone x3  
  158  9:18  Baneling x12  
  158  9:23  Zergling x6  
  158  9:24  Zergling x8  
  165  9:26  Drone  
  165  9:29  Spore Crawler  
  165  9:30  Drone  
  166  9:32  Spore Crawler  
  166  9:36  Zergling x18  
  171  9:42  Overlord  
  171  9:45  Zergling x2  
  171  9:46  Zergling x2  
  171  9:52  Drone, Spore Crawler  
  173  9:54  Overlord x2  
  173  9:55  Zergling x6  
  173  9:56  Zergling x8  
  173  9:58  Adrenal Glands  
  180  10:00  Drone  
  180  10:02  Baneling x6  
  180  10:03  Ultralisk Cavern  
  180  10:07  Zergling x2  
  180  10:08  Zergling x6  
  180  10:12  Baneling x2  
  180  10:13  Viper x2  
  190  10:21  Zergling x6  
  187  10:29  Hatchery  
  172  10:40  Zergling x30  
  174  10:47  Baneling x10  
  174  10:49  Zergling x18  
  181  10:55  Baneling x5, Zergling x8  
  181  10:56  Zergling x4  
  185  10:59  Overlord x2  
  185  11:00  Extractor  
  185  11:01  Zergling x6  
  187  11:14  Overlord  
  187  11:15  Overlord  
Tags
 
Add a new tag
Caveats
  • Supply blocks, unpowered buildings, or Contaminate may cause inaccurate times.
  • Supply counts are checked every 10 seconds.